 Dungeon Crawl Stone Soup version 0.17.2-1-ge4368a0 (webtiles) character file.

683 rlgrobin the Martial Artist (level 7, 57/57 HPs)
             Began as a Red Draconian Monk on Apr 20, 2017.
             Starved to death
             ... on level 3 of the Dungeon.
             The game lasted 00:06:02 (6006 turns).

rlgrobin the Martial Artist (Red Draconian Monk)    Turns: 6006, Time: 00:06:02

Health: 57/57      AC:  6    Str: 14    XL:     7   Next: 35%
Magic:  7/7        EV: 13    Int: 10    God:
Gold:   257        SH:  0    Dex: 15    Spells: 0 memorised, 6 levels left

rFire  + . .     SeeInvis .       - Unarmed
rCold  . . .     Clarity  .     (armour unavailable)
rNeg   . . .     SustAt   .     (no shield)
rPois  .         Gourm    .     (helmet restricted)
rElec  .         Spirit   .     (no cloak)
rCorr  .         Warding  .     (no gloves)
rMut   .         Stasis   .     (no boots)
MR     .....                    (no amulet)
Stlth  ++........               (no ring)
                                (no ring)

@: fainting, not resistant to hostile enchantments, unstealthy
A: breathe fire, unfitting armour, fire resistance 1, cold-blooded, AC +6
a: Breathe Fire


You were on level 3 of the Dungeon.
You were fainting.

You visited 1 branch of the dungeon, and saw 5 of its levels.

You collected 257 gold pieces.


Innate Abilities, Weirdness & Mutations

You can breathe blasts of fire.
Your fiery red scales are hard (AC +6).
Your body does not fit into most forms of armour.
Your flesh is heat resistant.
You are cold-blooded and may be slowed by cold attacks.


   Skills:
 - Level 3.2 Fighting
 - Level 2.6 Dodging
 - Level 1.7 Stealth
 + Level 9.1 Unarmed Combat


You had 6 spell levels left.
You didn't know any spells.

Inventory:

Hand Weapons
 d - a +0 hunting sling
 q - a +0 club
Armour
 l - a +2 cloak
 n - a +0 hat
Jewellery
 b - an uncursed ring of protection from cold
 j - an uncursed amulet of warding {unknown}
 p - an uncursed ring of teleportation
Scrolls
 a - a scroll of blinking {unknown}
 c - 2 scrolls of immolation {unknown}
 e - 3 scrolls of remove curse
 f - a scroll of magic mapping
 g - 2 scrolls of teleportation {unknown}
 h - 3 scrolls of identify {@r1}
 i - 3 scrolls of enchant armour {unknown}
 k - a scroll of recharging {unknown}
 m - a scroll of enchant weapon {unknown}
 o - 2 scrolls of amnesia {unknown}

Dungeon Overview and Level Annotations

Branches:
Dungeon (5/15)             Temple (0/1) D:4

Altars:
Cheibriados
Okawaru
Vehumet

Shops:
D:4

? ▒▒▒▒.▒ ▒.▒ ▒%▒ ▒.▒
▒.▒▒▒▒▒▒▒.▒ ▒.▒▒▒.▒▒▒
▒.▒▒......▒ ▒▒▒▒▒▒▒▒▒........
▒.▒▒.▒▒▒▒▒▒ ▒........▒▒▒▒▒▒▒▒
▒.▒▒.▒ ▒.▒▒▒▒▒▒.▒▒▒▒▒ ▒.▒▒.▒
▒.▒ ▒.....▒ ▒.▒▒.▒ ▒.▒ ▒▒▒▒▒.▒
▒.▒▒.▒▒▒▒▒▒▒▒▒.▒ ▒.▒
▒.▒▒.........d.▒ ▒.▒
▒.▒▒▒▒▒▒▒.▒▒▒▒▒▒ ▒.▒
▒.▒▒▒▒▒▒...▒▒ ▒.▒
▒...........▒▒▒▒▒▒▒▒▒▒▒▒▒.▒▒
▒▒▒▒▒▒▒▒...................▒▒▒
▒▒.▒▒▒▒▒▒▒▒▒▒▒▒▒▒▒..... ▒▒▒
▒▒.▒▒▒ ▒.▒▒▒ ▒....


There were no monsters in sight!


Message History

You see here a leather armour!
Found a stone staircase leading down!
Found a slice of pizza and a flail!
Found an iron altar of Okawaru!
There is a stone staircase leading down here!
Found 2 throwing nets {=f}!
Found a leather armour!
Found 20 arrows!
You see here a leather armour!
You see here 20 arrows!
Found a stone staircase leading down!
There is a stone staircase leading down here!
There is a stone staircase leading down here!
You are near starving!!!
There is a stone staircase leading down here!
You see here 2 fruits!
Key pressed, stopping explore!
Found a stone!
Key pressed, stopping explore!
You see here a dagger!
You see here 2 stones!
You see here a stone!
You are starving!!!
You need to eat something NOW!!!
You are fainting from starvation!!!
You lose consciousness!!!
You can move again!
Unknown command!
You're too hungry to rest!
You have starved to death! rip

Action                   |  1- 3 |  4- 6 |  7- 9 || total
-------------------------+-------+-------+-------++-------
Melee: Unarmed           |   135 |   206 |    48 ||   389
       Hunting sling     |    10 |       |       ||    10
  Use: Scroll            |       |       |     3 ||     3
 Stab: Sleeping          |     2 |     3 |       ||     5
  Eat: Bread ration      |     1 |     2 |       ||     3

Vault maps used:
D:1:      dpeg_arrival_rooms_a, st_stairs_6, hangedman_decor_riveting,
          kennysheep_nondescript
D:2:      kennysheep_generic_room_2, uniq_terence
D:3:      okawaru_trees_2, vehumet_crystals
D:4:      forest_paths, minmay_temple_entry_from_below_a, first_bread,
          serial_shops, shop, chei_slow_surprise
D:5:      nicolae_overflow_hidden_temple, minmay_liquid_box

Notes
Turn   | Place    | Note
--------------------------------------------------------------
     0 | D:1      | rlgrobin the Draconian Monk began the quest for the Orb.
     0 | D:1      | Reached XP level 1. HP: 19/19 MP: 1/1
   108 | D:1      | Reached XP level 2. HP: 21/26 MP: 2/2
   873 | D:1      | Reached skill level 5 in Unarmed Combat
   921 | D:1      | Reached XP level 3. HP: 29/31 MP: 3/3
  1222 | D:2      | Noticed Terence
  1243 | D:2      | HP: 2/31 [Terence/trident (7)]
  1244 | D:2      | Killed Terence
  1244 | D:2      | Reached XP level 4. HP: 2/38 MP: 4/4
  1777 | D:2      | Reached skill level 6 in Unarmed Combat
  1949 | D:3      | Found a radiant altar of Vehumet.
  1970 | D:3      | Found an iron altar of Okawaru.
  1998 | D:3      | Reached XP level 5. HP: 34/45 MP: 5/5
  2888 | D:4      | Reached skill level 7 in Unarmed Combat
  2894 | D:4      | Found Cediw's Magic Scroll Shop.
  2989 | D:4      | Reached XP level 6. HP: 44/51 MP: 6/6
  3459 | D:4      | Found a snail-covered altar of Cheibriados.
  3601 | D:4      | Found a staircase to the Ecumenical Temple.
  3642 | D:5      | Entered Level 5 of the Dungeon
  3986 | D:5      | Reached skill level 8 in Unarmed Combat
  4216 | D:5      | Your scales start taking on a fiery red colour.
  4216 | D:5      | Gained mutation: Your flesh is heat resistant. [Red Draconian growth]
  4216 | D:5      | Reached XP level 7. HP: 40/57 MP: 7/7
  4832 | D:5      | Reached skill level 9 in Unarmed Combat
  5471 | D:3      | Found an iron altar of Okawaru.
  6006 | D:3      | Starved to death

Vanquished Creatures
  A centaur (D:5)
  2 crimson imps (D:5)
  3 hounds
  An orc wizard (D:5)
  An orc priest (D:5)
  2 giant frog skeletons
  A jelly (D:5)
  Terence (D:2)
  2 iguanas
  A worker ant (D:4)
  A hound skeleton (D:4)
  4 adders
  3 gnolls (D:3)
  A shadow imp (D:5)
  2 oozes
  3 worms
  6 orcs
  12 bats
  8 giant cockroaches
  10 goblins
  8 hobgoblins
  3 jackals (D:2)
  A quokka (D:4)
  4 ball pythons
  2 giant geckos
  5 giant newts
  A jackal skeleton (D:4)
  5 kobolds
  11 rats
105 creatures vanquished.
